 Dungeon Crawl Stone Soup version 0.17.1-3-g152610e (webtiles) character file.

382 Alarkh the Chopper (level 6, -4/44 HPs)
             Began as a Mummy Skald on Apr 14, 2016.
             Was an Initiate of Makhleb.
             Slain by an ogre
             ... wielding a +0 giant spiked club
              (12 damage)
             ... on level 6 of the Dungeon.
             The game lasted 00:07:56 (3716 turns).

Alarkh the Chopper (Mummy Skald)                    Turns: 3716, Time: 00:07:56

Health: -4/44      AC:  4    Str: 15    XL:     6   Next: 47%
Magic:  9/9        EV: 11    Int: 13    God:    Makhleb [......]
Gold:   218        SH:  0    Dex: 12    Spells: 4 memorised, 1 level left

rFire  x . .     SeeInvis .     a - +1 hand axe
rCold  + . .     Clarity  .     b - +0 leather armour
rNeg   + + +     SustAt   .     (no shield)
rPois  ∞         Gourm    .     d - +0 helmet
rElec  .         Spirit   .     (no cloak)
rCorr  .         Warding  .     (no gloves)
rMut   .         Stasis   .     (no boots)
MR     .....                    (no amulet)
Stlth  +.........               (no ring)
                                (no ring)

@: not resistant to hostile enchantments, very unstealthy
A: no food or potions, fire vulnerability, cold resistance 1, negative energy
resistance 3, torment resistance, unbreathing
a: Renounce Religion


You were on level 6 of the Dungeon.
You worshipped Makhleb.
Makhleb was noncommittal.
You were not hungry.

You visited 2 branches of the dungeon, and saw 7 of its levels.

You collected 218 gold pieces.

Inventory:

Hand Weapons
 a - a +1 hand axe (weapon)
Armour
 b - a +0 leather armour (worn)
 d - a +0 helmet (worn)
Jewellery
 j - an uncursed ring of teleportation
Wands
 f - a wand of magic darts (10)
 g - a wand of disintegration (1)
Scrolls
 e - a scroll of noise
 h - a scroll of fog {unknown}
 i - a scroll of fear {unknown}
Books
 c - a book of Battle

   Spells                             Type                      Level
   a - Infusion                       Charms                       1
   b - Shroud of Golubria             Charms/Translocation         2
   c - Song of Slaying                Charms                       2
   d - Spectral Weapon                Hexes/Charms                 3
   e - Regeneration                   Charms/Necromancy            3


   Skills:
 - Level 2.0 Fighting
 + Level 5.8 Axes
 - Level 0.7 Armour
 - Level 0.7 Dodging
 - Level 2.0 Spellcasting
 - Level 2.4 Charms


You had one spell level left.
You knew the following spells:

 Your Spells              Type           Power        Failure   Level  Hunger
a - Infusion              Chrm           #.....       14%         1    N/A
b - Song of Slaying       Chrm           #.......     21%         2    N/A
c - Spectral Weapon       Hex/Chrm       #.......     65%         3    N/A
e - Shroud of Golubria    Chrm/Tloc      #.........   30%         2    N/A

Dungeon Overview and Level Annotations

Branches:
Dungeon (6/15)             Temple (1/1) D:6

Altars:
Ashenzari
Cheibriados
Kikubaaqudgha
Makhleb
Nemelex Xobeh
Okawaru
Qazlal
Ru
Trog
Vehumet
Xom
Yredelemnul
Zin

Annotations:
D:4 Edmund
D:5 Prince Ribbit


Innate Abilities, Weirdness & Mutations

You do not eat or drink.
Your flesh is vulnerable to fire.
You are immune to poison.
Your flesh is cold resistant.
You are immune to negative energy.
You are immune to unholy pain and torment.
You can survive without breathing.


Message History

Aim: an ogre, wielding a giant spiked club (heavily wounded, chance to defeat MR: 65%)
The ogre struggles to resist.
This wand has 4 charges left.
The ogre hits you with a giant spiked club!!
Ouch! That really hurt!
* * * LOW HITPOINT WARNING * * *
Zapping:
g - a wand of disintegration (4)
Press: ? - help, Shift-Dir - straight line, f/p - ogre
Aim: an ogre, wielding a giant spiked club (heavily wounded, chance to defeat MR: 65%)
The ogre struggles to resist.
This wand has 3 charges left.
Zapping:
g - a wand of disintegration (3)
Press: ? - help, Shift-Dir - straight line, f/p - ogre
Aim: an ogre, wielding a giant spiked club (heavily wounded, chance to defeat MR: 65%)
The ogre is blasted.
This wand has 2 charges left.
The ogre completely misses you.
Zapping:
g - a wand of disintegration (2)
Press: ? - help, Shift-Dir - straight line, f/p - ogre
Aim: an ogre, wielding a giant spiked club (severely wounded, chance to defeat MR: 65%)
The ogre struggles to resist.
This wand has 1 charge left.
The ogre hits you with a giant spiked club!
You die...

#.# #.. ..##.# ##.# ##
####.# ...# #######.#
#### #.[.....# ####.#
#.#######
.....#######.#...#
...............#.#
############.#...#######
# #....@O.O.... #
###>..######. ##.## #.#
#.. ###


You could see 2 ogres.

Vanquished Creatures
  A sky beast (Temple)
  A centaur skeleton (D:4)
  A giant frog skeleton (D:6)
  A jelly (D:6)
  Jessica (D:2)
  5 adders
  2 oozes (D:3)
  An adder skeleton (D:4)
  3 worms (D:2)
  3 giant geckos
  4 orcs
  A ball python (D:1)
  11 bats
  3 giant cockroaches
  9 goblins
  11 hobgoblins
  13 jackals
  5 quokkas
  4 giant newts
  7 kobolds
  A quokka zombie (D:6)
  8 rats
96 creatures vanquished.

Notes
Turn   | Place    | Note
--------------------------------------------------------------
     0 | D:1      | Alarkh the Mummy Skald began the quest for the Orb.
     0 | D:1      | Reached XP level 1. HP: 16/16 MP: 3/3
     2 | D:1      | Noticed a demigod
     2 | D:1      | Noticed a vine stalker
     4 | D:1      | Noticed an ogre
     4 | D:1      | Noticed a demonspawn
     6 | D:1      | Noticed a merfolk
     6 | D:1      | Noticed a ghoul
     8 | D:1      | Noticed a centaur
    12 | D:1      | Noticed a tengu
    12 | D:1      | Noticed a felid
    14 | D:1      | Noticed a gargoyle
    16 | D:1      | Noticed a naga
    16 | D:1      | Noticed a spriggan
    18 | D:1      | Noticed an elf
    18 | D:1      | Noticed an octopode
    20 | D:1      | Noticed a vampire
    20 | D:1      | Noticed a minotaur
    22 | D:1      | Noticed a formicid
    22 | D:1      | Noticed a human
    24 | D:1      | Noticed a troll
    24 | D:1      | Noticed a dwarf
    26 | D:1      | Noticed a draconian
   425 | D:1      | Reached XP level 2. HP: 22/22 MP: 0/5
   881 | D:1      | Reached XP level 3. HP: 25/27 MP: 3/6
  1055 | D:1      | Reached skill level 3 in Axes
  1839 | D:2      | Reached XP level 4. HP: 26/33 MP: 3/7
  1890 | D:2      | Noticed Jessica
  1897 | D:2      | Killed Jessica
  1984 | D:2      | Reached skill level 4 in Axes
  2272 | D:3      | Found a sparkling altar of Nemelex Xobeh.
  2330 | D:3      | Found a shattered altar of Ashenzari.
  2370 | D:3      | Reached XP level 5. HP: 35/38 MP: 0/8
  2602 | D:3      | Learned a level 2 spell: Song of Slaying
  2605 | D:3      | Learned a level 2 spell: Shroud of Golubria
  2609 | D:3      | Learned a level 3 spell: Spectral Weapon
  2831 | D:3      | Found a stormy altar of Qazlal.
  2940 | D:4      | Found a shimmering altar of Xom.
  2940 | D:4      | Found a sacrificial altar of Ru.
  2979 | D:4      | Noticed Edmund
  3146 | D:4      | Found a radiant altar of Vehumet.
  3219 | D:5      | Entered Level 5 of the Dungeon
  3243 | D:5      | Noticed Prince Ribbit
  3266 | D:6      | Reached skill level 5 in Axes
  3285 | D:6      | Found a staircase to the Ecumenical Temple.
  3298 | D:6      | Noticed a sky beast
  3303 | Temple   | Entered the Ecumenical Temple
  3359 | Temple   | Became a worshipper of Makhleb the Destroyer
  3381 | Temple   | Killed a sky beast
  3381 | Temple   | Reached XP level 6. HP: 8/44 MP: 9/9
  3707 | D:6      | Noticed an ogre
  3713 | D:6      | Noticed an ogre
  3716 | D:6      | Slain by an ogre

Action                   |  1- 3 |  4- 6 || total
-------------------------+-------+-------++-------
Melee: Hand axe          |   147 |   160 ||   307
 Cast: Infusion          |    25 |    29 ||    54
Evoke: Wand              |       |    12 ||    12
  Use: Scroll            |     1 |     7 ||     8
 Stab: Sleeping          |     1 |       ||     1
